Wiprows vs National
Created - 7 novembre 2014 at 19:38
Goals
|
Wiprows |
2 |
1 |
0 |
3 |
National |
0 |
3 |
2 |
5 |
|
Shots
|
Wiprows |
10 |
10 |
12 |
32 |
National |
12 |
17 |
6 |
35 |
|
1st period
1. Wiprows , Joshua Bailey 5 (Matt Frattin, Pavel Brendl) at 5:18
2. Wiprows , Pavel Brendl 2 (Nick Bonino, Thomas Hickey) at 11:52
Penalties :
Magnus Paajarvi-Svensson (Que) for Tripping (Minor) at 12:42
2nd period
3. Wiprows , Jesse Winchester 8 (Linden Vey, Jiri Tlusty) at 2:13
4. National , Mikael Backlund 9 (Pasi Salonen) at 8:39
5. National , David Desharnais 7 (Guillaume Desbiens) at 10:41
6. National , Rico Fata 11 (Janne Niskala, Guillaume Desbiens) at 18:43 (PP)
Penalties :
Jiri Tlusty (Win) for Holding (Minor) at 7:55, Guillaume Desbiens (Que) for Hooking (Minor) at 8:21, Mikael Backlund (Que) for Roughing (Minor) at 13:22, Arturs Kulda (Win) for Holding (Minor) at 18:31
3rd period
7. National , Jonathan Matsumoto 1 (Dustin Kohn, Pasi Salonen) at 0:56
8. National , Janne Niskala 3 (Jonathan Matsumoto) at 13:41
Penalties :
Nick Bonino (Win) for Tripping (Minor) at 0:59, William Colbert (Que) for High sticking (Minor) at 14:16, Nick Bonino (Win) for Hooking (Minor) at 19:06
Goalie Stats
Al Montoya (Win), 30 saves from 35 shots - (0,857), L, 9-4-3, 60:00 minutes
Tyler Plante (Que), 29 saves from 32 shots - (0,906), W, 3-2-0, 60:00 minutes
Players Stats for Wiprows
Player Name G A P +/- PIM S H SB GA TA FO MP PP MP PK MP
------------------------------------------------------------------------------------
Alec Martinez 0 0 0 -2 0 3 1 1 0 1 0/0 23:49 2:31 2:53
Arturs Kulda 0 0 0 0 2 0 2 3 0 0 0/0 20:44 0:00 2:41
Brandon Bollig 0 0 0 1 0 1 1 1 0 0 2/3 13:07 0:06 1:47
Drayson Bowman 0 0 0 -1 0 1 1 0 0 0 1/2 14:46 0:00 0:00
Gord Baldwin 0 0 0 0 0 0 0 2 0 0 0/0 14:49 0:38 0:37
Jason Ryznar 0 0 0 0 0 0 0 0 0 0 0/0 1:17 0:00 0:11
Jesse Winchester 1 0 1 0 0 2 0 1 0 0 5/12 17:15 2:35 0:11
Jiri Tlusty 0 1 1 1 2 2 0 1 0 1 2/2 16:11 2:41 0:00
Jonathan Tremblay 0 0 0 -1 0 1 0 0 1 0 0/0 11:24 0:00 1:32
Jordan Szwarz 0 0 0 -1 0 1 2 0 0 0 0/0 10:54 0:16 0:00
Joshua Bailey 1 0 1 1 0 2 0 0 0 0 4/8 15:05 2:41 1:47
Kevin Connauton 0 0 0 0 0 0 2 1 0 2 0/0 18:45 1:59 0:00
Linden Vey 0 1 1 1 0 1 2 0 0 0 0/0 16:37 3:26 0:00
Matt Frattin 0 1 1 1 0 3 0 0 1 0 0/0 9:35 0:00 0:00
Matt Taormina 0 0 0 -1 0 4 3 3 1 3 0/0 23:57 3:46 0:37
Maxime Macenauer 0 0 0 -1 0 0 1 0 0 0 1/3 11:08 0:00 1:32
Nick Bonino 0 1 1 -2 4 5 1 0 1 0 11/28 19:36 3:42 0:00
Pavel Brendl 1 1 2 -1 0 5 2 0 1 0 1/1 18:28 3:42 0:00
Thomas Hickey 0 1 1 1 0 1 2 0 0 1 0/0 17:26 3:52 0:12
Players Stats for National
Player Name G A P +/- PIM S H SB GA TA FO MP PP MP PK MP
------------------------------------------------------------------------------------
Chris Mueller 0 0 0 -1 0 0 0 0 0 0 1/2 6:34 0:00 0:00
David Desharnais 1 0 1 1 0 3 0 1 0 0 6/10 14:41 0:00 1:48
Denis Bodrov 0 0 0 1 0 1 0 1 0 0 0/0 20:24 1:15 2:28
Dustin Kohn 0 1 1 1 0 3 1 0 1 1 0/0 20:20 1:15 2:44
Erik Gustafsson 0 0 0 -1 0 0 2 0 0 0 0/0 12:17 0:00 1:07
Guillaume Desbiens 0 2 2 -1 2 4 3 0 1 0 0/0 18:08 2:14 0:54
Igor Makarov 0 0 0 -1 0 1 0 0 0 0 1/1 6:34 0:00 0:00
Janne Niskala 1 1 2 1 0 2 1 2 1 2 0/0 28:00 2:15 3:55
Johannes Salmonsson 0 0 0 1 0 3 1 1 1 0 0/0 13:36 0:00 0:44
Jonathan Cheechoo 0 0 0 1 0 1 0 0 1 1 0/1 16:45 1:15 1:00
Jonathan Matsumoto 1 1 2 1 0 3 1 1 0 0 1/4 15:51 1:15 0:06
Magnus Paajarvi-Svensson 0 0 0 -1 2 0 1 1 0 0 0/0 7:39 0:00 0:51
Mikael Backlund 1 0 1 0 2 3 1 0 0 0 22/40 21:05 2:15 2:29
Pasi Salonen 0 2 2 2 0 6 4 0 2 0 0/0 19:17 1:15 2:46
Pat Dwyer 0 0 0 1 0 2 2 0 1 0 1/1 14:21 0:00 1:43
Philip Larsen 0 0 0 -1 0 0 0 0 0 1 0/0 11:36 0:00 0:00
Rico Fata 1 0 1 -1 0 2 1 1 0 0 0/0 17:27 2:15 0:25
William Colbert 0 0 0 1 2 1 2 2 0 0 0/0 27:25 2:15 2:32
3 Stars
1 - Pasi Salonen (Que)
2 - Janne Niskala (Que)
3 - Jonathan Matsumoto (Que)
Power Play
Wiprows - 0 on 4 Attempt(s) - 0,00%
National - 1 on 4 Attempt(s) - 25,00%
Penalty Kill
Wiprows - 3 on 4 Attempt(s) - 75,00%
- Score 0 goal in Penalty Kill
National - 4 on 4 Attempt(s) - 100,00%
- Score 0 goal in Penalty Kill
Official
Referees : O'Rourke Dan and Banfield David
Linesman : Mark Wheler and Lonnie Cameron
Game Notes
Kevin Connauton is injured at 12:11 of 3rd period (Back)
Finance
Level 1 -- Attendance: 1570 (78,50%) -- Ticket Income 39 250 $
Level 2 -- Attendance: 708 (70,80%) -- Ticket Income 10 620 $
Total Attendance: 2278 (75,93%)
Total Ticket Income: 49 870 $
Other Income: 2 494 $
Total Income: 52 364 $
Wiprows
5 vs 5 Forward
Center Left Wing Right Wing Time % Phy DF OF
1 Nick Bonino Drayson Bowman Pavel Brendl 34 1 1 3
2 Jesse Winchester Jiri Tlusty Linden Vey 32 1 1 3
3 Joshua Bailey Brandon Bollig Matt Frattin 18 2 1 2
4 Maxime Macenauer Jonathan Tremblay Jordan Szwarz 16 3 1 1
5 vs 5 Defense
Defense Defense Time % Phy DF OF
1 Matt Taormina Arturs Kulda 37 1 1 3
2 Alec Martinez Kevin Connauton 35 1 2 2
3 Thomas Hickey Gord Baldwin 26 2 2 1
4 Alec Martinez Matt Taormina 2 1 1 3
PowerPlay Forward
Center Left Wing Right Wing Time % Phy DF OF
1 Nick Bonino Pavel Brendl Linden Vey 55 1 0 4
2 Joshua Bailey Jiri Tlusty Jesse Winchester 45 1 0 4
PowerPlay Defense
Defense Defense Time % Phy DF OF
1 Matt Taormina Thomas Hickey 55 0 1 4
2 Kevin Connauton Alec Martinez 45 0 1 4
Penalty Kill 4 Players Forward
Center Wing Time % Phy DF OF
1 Joshua Bailey Brandon Bollig 53 1 3 1
2 Maxime Macenauer Jonathan Tremblay 47 1 3 1
Penalty Kill 4 Players Defense
Defense Defense Time % Phy DF OF
1 Arturs Kulda Alec Martinez 53 1 4 0
2 Gord Baldwin Matt Taormina 47 1 4 0
Penalty Kill - 3 Players Forward
Forward Time % Phy DF OF
1 Nick Bonino 55 0 5 0
2 Jesse Winchester 45 0 5 0
Penalty Kill - 3 Players Defense
Defense Defense Time % Phy DF OF
1 Matt Taormina Arturs Kulda 60 1 4 0
2 Gord Baldwin Alec Martinez 40 1 4 0
4 vs 4 Forward
Center Wing Time % Phy DF OF
1 Nick Bonino Jesse Winchester 54 1 2 2
2 Joshua Bailey Jiri Tlusty 46 1 2 2
4 vs 4 Defense
Defense Defense Time % Phy DF OF
1 Matt Taormina Alec Martinez 60 1 2 2
2 Kevin Connauton Thomas Hickey 40 1 2 2
Last Minutes Offensive
Center Left Wing Right Wing Defense Defense
Nick Bonino Linden Vey Jiri Tlusty Thomas Hickey Matt Taormina
Last Minutes Defensive
Center Left Wing Right Wing Defense Defense
Maxime Macenauer Arturs Kulda Jonathan Tremblay Alec Martinez Gord Baldwin
Goaltenders
Starting : Al Montoya
Backup : Thomas McCollum
Extra Forwards
Normal : Nick Bonino, Jiri Tlusty, Brandon Bollig - PP : Nick Bonino, Linden Vey - PK : Jonathan Tremblay
Extra Defensemen
Normal : Matt Taormina, Alec Martinez, Arturs Kulda - PP : Kevin Connauton - PK : Arturs Kulda, Thomas Hickey
Penalty Shots
Jiri Tlusty, Jason Ryznar, Brandon Bollig, Matt Frattin, Linden Vey
National
5 vs 5 Forward
Center Left Wing Right Wing Time % Phy DF OF
1 Mikael Backlund Rico Fata Guillaume Desbiens 40 0 2 3
2 Jonathan Matsumoto Pasi Salonen Jonathan Cheechoo 30 0 2 3
3 David Desharnais Johannes Salmonsson Pat Dwyer 20 1 2 2
4 Chris Mueller Magnus Paajarvi-Svensson Igor Makarov 10 1 2 2
5 vs 5 Defense
Defense Defense Time % Phy DF OF
1 Janne Niskala William Colbert 40 1 2 2
2 Dustin Kohn Denis Bodrov 30 1 2 2
3 Philip Larsen Erik Gustafsson 20 1 2 2
4 Janne Niskala William Colbert 10 1 2 2
PowerPlay Forward
Center Left Wing Right Wing Time % Phy DF OF
1 Mikael Backlund Rico Fata Guillaume Desbiens 60 0 1 4
2 Jonathan Matsumoto Pasi Salonen Jonathan Cheechoo 40 0 1 4
PowerPlay Defense
Defense Defense Time % Phy DF OF
1 Janne Niskala William Colbert 60 0 2 3
2 Dustin Kohn Denis Bodrov 40 0 2 3
Penalty Kill 4 Players Forward
Center Wing Time % Phy DF OF
1 Mikael Backlund Pasi Salonen 60 1 2 2
2 Guillaume Desbiens Jonathan Cheechoo 40 1 2 2
Penalty Kill 4 Players Defense
Defense Defense Time % Phy DF OF
1 Janne Niskala William Colbert 60 1 2 2
2 Dustin Kohn Denis Bodrov 40 1 2 2
Penalty Kill - 3 Players Forward
Forward Time % Phy DF OF
1 Mikael Backlund 60 1 2 2
2 Pasi Salonen 40 1 2 2
Penalty Kill - 3 Players Defense
Defense Defense Time % Phy DF OF
1 Janne Niskala William Colbert 60 1 2 2
2 Dustin Kohn Denis Bodrov 40 1 2 2
4 vs 4 Forward
Center Wing Time % Phy DF OF
1 Mikael Backlund Pasi Salonen 60 0 2 3
2 Jonathan Matsumoto Jonathan Cheechoo 40 0 2 3
4 vs 4 Defense
Defense Defense Time % Phy DF OF
1 Janne Niskala William Colbert 60 1 2 2
2 Dustin Kohn Denis Bodrov 40 1 2 2
Last Minutes Offensive
Center Left Wing Right Wing Defense Defense
Mikael Backlund Rico Fata Guillaume Desbiens Janne Niskala William Colbert
Last Minutes Defensive
Center Left Wing Right Wing Defense Defense
Mikael Backlund Rico Fata Guillaume Desbiens Janne Niskala William Colbert
Goaltenders
Starting : Tyler Plante
Backup : Keith Kinkaid
Extra Forwards
Normal : Johannes Salmonsson, Chris Mueller, Pat Dwyer - PP : Johannes Salmonsson, Chris Mueller - PK : Pat Dwyer
Extra Defensemen
Normal : Philip Larsen, Erik Gustafsson, Dustin Kohn - PP : Philip Larsen - PK : Erik Gustafsson, Dustin Kohn
Penalty Shots
Rico Fata, Pasi Salonen, Guillaume Desbiens, Jonathan Cheechoo, Mikael Backlund
% Time on Ice - Wiprows
Lines # - Real PCT - Wanted PCT - Time Play
Normal Forward
1 - 30% - 34% - 14:47
2 - 30% - 32% - 14:36
3 - 20% - 18% - 9:35
4 - 20% - 16% - 9:36
Normal Defense
1 - 38% - 37% - 18:17
2 - 37% - 35% - 17:49
3 - 26% - 26% - 12:28
4 - 0% - 2% - 0:00
PP Forward
1 - 58% - 55% - 3:42
2 - 42% - 45% - 2:41
PP Defense
1 - 59% - 55% - 3:46
2 - 41% - 45% - 2:37
PK Forward
1 - 56% - 53% - 1:58
2 - 44% - 47% - 1:32
PK Defense
1 - 82% - 53% - 2:53
2 - 18% - 47% - 0:37
PK3 Forward
1 - 0% - 55%
2 - 0% - 45%
PK3 Defense
1 - 0% - 60%
2 - 0% - 40%
44 Forward
1 - 61% - 54% - 0:57
2 - 39% - 46% - 0:36
44 Defense
1 - 69% - 60% - 1:04
2 - 31% - 40% - 0:29
Last Minute Offensive - 0:00
Last Minute Defensive - 0:00
Total
Forward - 60:00
Defense - 60:00
|
% Time on Ice - National
Lines # - Real PCT - Wanted PCT - Time Play
Normal Forward
1 - 31% - 40% - 15:15
2 - 29% - 30% - 14:07
3 - 26% - 20% - 12:38
4 - 14% - 10% - 6:34
Normal Defense
1 - 37% - 40% - 18:04
2 - 33% - 30% - 16:03
3 - 24% - 20% - 11:36
4 - 6% - 10% - 2:51
PP Forward
1 - 64% - 60% - 2:15
2 - 36% - 40% - 1:15
PP Defense
1 - 64% - 60% - 2:15
2 - 36% - 40% - 1:15
PK Forward
1 - 84% - 60% - 5:23
2 - 16% - 40% - 1:00
PK Defense
1 - 66% - 60% - 4:11
2 - 34% - 40% - 2:12
PK3 Forward
1 - 0% - 60%
2 - 0% - 40%
PK3 Defense
1 - 0% - 60%
2 - 0% - 40%
44 Forward
1 - 75% - 60% - 1:10
2 - 25% - 40% - 0:23
44 Defense
1 - 81% - 60% - 1:15
2 - 19% - 40% - 0:18
Last Minute Offensive - 0:00
Last Minute Defensive - 0:00
Total
Forward - 60:00
Defense - 60:00
|
Play by Play
1st period
0:01 of 1st period - Mikael Backlund wins face-off versus Nick Bonino in neutral zone.
0:06 of 1st period - Janne Niskala is hit by Drayson Bowman and loses puck.
0:27 of 1st period - Matt Taormina is hit by William Colbert and loses puck.
0:32 of 1st period - Snap shot by Jonathan Cheechoo.
0:32 of 1st period - Shot Misses the Net.
0:34 of 1st period - Wrist shot by Pasi Salonen.
0:34 of 1st period - Stopped by Al Montoya with a rebound.
0:36 of 1st period - Snap shot by Dustin Kohn.
0:36 of 1st period - Deflect By Jonathan Matsumoto.
0:36 of 1st period - Shot Blocked by Arturs Kulda.
0:36 of 1st period - Puck is out of play.
0:37 of 1st period - David Desharnais wins face-off versus Brandon Bollig in Wiprows zone.
1:02 of 1st period - Slapshot by Dustin Kohn.
1:02 of 1st period - Stopped by Al Montoya with a rebound.
1:22 of 1st period - Jesse Winchester is hit by Pasi Salonen and loses puck.
1:41 of 1st period - Thomas Hickey is hit by Pasi Salonen and loses puck.
2:02 of 1st period - Snap shot by Guillaume Desbiens.
2:02 of 1st period - Shot Blocked by Gord Baldwin.
2:18 of 1st period - Snap shot by Johannes Salmonsson.
2:18 of 1st period - Stopped by Al Montoya with a rebound.
4:06 of 1st period - Snap shot by Igor Makarov.
4:06 of 1st period - Stopped by Al Montoya with a rebound.
5:04 of 1st period - Wrist shot by Pavel Brendl.
5:04 of 1st period - Stopped by Tyler Plante with a rebound.
5:18 of 1st period - Wrist shot by Joshua Bailey.
5:18 of 1st period - Goal by Joshua Bailey - Wiprows : 1 - National : 0.
5:19 of 1st period - Nick Bonino wins face-off versus Mikael Backlund in neutral zone.
5:26 of 1st period - Wrist shot by Nick Bonino.
5:26 of 1st period - Stopped by Tyler Plante with a rebound.
5:28 of 1st period - Slapshot by Kevin Connauton.
5:28 of 1st period - Shot Misses the Net.
5:30 of 1st period - Wrist shot by Pavel Brendl.
5:30 of 1st period - Shot Misses the Net.
5:32 of 1st period - Snap shot by Drayson Bowman.
5:32 of 1st period - Shot Misses the Net.
5:34 of 1st period - Wrist shot by Pavel Brendl.
5:34 of 1st period - Stopped by Tyler Plante with a rebound.
5:45 of 1st period - Icing by Janne Niskala.
5:46 of 1st period - Jiri Tlusty wins face-off versus Jonathan Matsumoto in National zone.
5:49 of 1st period - Wrist shot by Jiri Tlusty.
5:49 of 1st period - Shot Misses the Net.
5:51 of 1st period - Snap shot by Jiri Tlusty.
5:51 of 1st period - Stopped by Tyler Plante without a rebound.
5:52 of 1st period - Nick Bonino wins face-off versus Mikael Backlund in National zone.
6:17 of 1st period - Matt Taormina is hit by Pasi Salonen and loses puck.
6:39 of 1st period - Wrist shot by Janne Niskala.
6:39 of 1st period - Deflect By Johannes Salmonsson.
6:39 of 1st period - Shot Misses the Net.
6:39 of 1st period - Puck is out of play.
6:40 of 1st period - David Desharnais wins face-off versus Joshua Bailey in Wiprows zone.
6:43 of 1st period - Wrist shot by Pat Dwyer.
6:43 of 1st period - Stopped by Al Montoya with a rebound.
6:45 of 1st period - Slapshot by Pat Dwyer.
6:45 of 1st period - Shot Blocked by Arturs Kulda.
6:47 of 1st period - Slapshot by David Desharnais.
6:47 of 1st period - Shot Blocked by Matt Taormina.
6:49 of 1st period - Wrist shot by David Desharnais.
6:49 of 1st period - Shot Misses the Net.
6:51 of 1st period - Slapshot by Denis Bodrov.
6:51 of 1st period - Stopped by Al Montoya without a rebound.
6:52 of 1st period - Mikael Backlund wins face-off versus Nick Bonino in Wiprows zone.
6:57 of 1st period - Wrist shot by Mikael Backlund.
6:57 of 1st period - Shot Misses the Net.
7:03 of 1st period - Wrist shot by Drayson Bowman.
7:03 of 1st period - Stopped by Tyler Plante with a rebound.
8:39 of 1st period - Wrist shot by Pasi Salonen.
8:39 of 1st period - Stopped by Al Montoya with a rebound.
9:15 of 1st period - Pasi Salonen is hit by Maxime Macenauer and loses puck.
10:22 of 1st period - Wrist shot by Jonathan Matsumoto.
10:22 of 1st period - Stopped by Al Montoya with a rebound.
10:26 of 1st period - Snap shot by Pasi Salonen.
10:26 of 1st period - Stopped by Al Montoya with a rebound.
10:28 of 1st period - Snap shot by Pasi Salonen.
10:28 of 1st period - Stopped by Al Montoya with a rebound.
10:34 of 1st period - Backhand shot by Pasi Salonen.
10:34 of 1st period - Stopped by Al Montoya without a rebound.
10:35 of 1st period - Mikael Backlund wins face-off versus Nick Bonino in Wiprows zone.
10:50 of 1st period - Wrist shot by Pavel Brendl.
10:50 of 1st period - Stopped by Tyler Plante with a rebound.
11:25 of 1st period - Snap shot by Igor Makarov.
11:25 of 1st period - Shot Misses the Net.
11:50 of 1st period - Wrist shot by Pavel Brendl.
11:50 of 1st period - Shot Blocked by Rico Fata.
11:52 of 1st period - Snap shot by Pavel Brendl.
11:52 of 1st period - Goal by Pavel Brendl - Wiprows : 2 - National : 0.
11:53 of 1st period - Mikael Backlund wins face-off versus Nick Bonino in neutral zone.
12:37 of 1st period - Snap shot by Jesse Winchester.
12:37 of 1st period - Stopped by Tyler Plante without a rebound.
12:38 of 1st period - Joshua Bailey wins face-off versus Chris Mueller in National zone.
12:42 of 1st period - Minor Penalty to Magnus Paajarvi-Svensson for Tripping.
12:43 of 1st period - Nick Bonino wins face-off versus Mikael Backlund in National zone.
14:09 of 1st period - David Desharnais is hit by Kevin Connauton and loses puck.
14:42 of 1st period - Penalty to Magnus Paajarvi-Svensson is over, Magnus Paajarvi-Svensson is back on ice.
14:45 of 1st period - Slapshot by Janne Niskala.
14:45 of 1st period - Stopped by Al Montoya without a rebound.
14:46 of 1st period - Chris Mueller wins face-off versus Joshua Bailey in Wiprows zone.
15:58 of 1st period - Janne Niskala is hit by Nick Bonino and loses puck.
16:10 of 1st period - Off-side.
16:11 of 1st period - Igor Makarov wins face-off versus Maxime Macenauer in neutral zone.
16:24 of 1st period - Snap shot by Jonathan Tremblay.
16:24 of 1st period - Stopped by Tyler Plante without a rebound.
16:25 of 1st period - Jesse Winchester wins face-off versus Mikael Backlund in National zone.
18:11 of 1st period - Icing by Mikael Backlund.
18:12 of 1st period - Mikael Backlund wins face-off versus Joshua Bailey in National zone.
18:21 of 1st period - Wrist shot by David Desharnais.
18:21 of 1st period - Shot Blocked by Alec Martinez.
Goals for this period are 2 for Wiprows vs 0 for National.
Shots for this period are 10 for Wiprows vs 12 for National.
2nd period
0:01 of 2nd period - Nick Bonino wins face-off versus Mikael Backlund in neutral zone.
0:06 of 2nd period - Snap shot by Pavel Brendl.
0:06 of 2nd period - Shot Blocked by William Colbert.
0:08 of 2nd period - Snap shot by Pavel Brendl.
0:08 of 2nd period - Shot Misses the Net.
0:10 of 2nd period - Slapshot by Pavel Brendl.
0:10 of 2nd period - Shot Misses the Net.
0:12 of 2nd period - Wrist shot by Pavel Brendl.
0:12 of 2nd period - Shot Blocked by Janne Niskala.
0:14 of 2nd period - Snap shot by Nick Bonino.
0:14 of 2nd period - Shot Misses the Net.
0:16 of 2nd period - Snap shot by Alec Martinez.
0:16 of 2nd period - Stopped by Tyler Plante with a rebound.
0:26 of 2nd period - Johannes Salmonsson is hit by Linden Vey and loses puck.
1:00 of 2nd period - Wrist shot by David Desharnais.
1:00 of 2nd period - Stopped by Al Montoya with a rebound.
1:14 of 2nd period - Slapshot by Johannes Salmonsson.
1:14 of 2nd period - Stopped by Al Montoya without a rebound.
1:15 of 2nd period - Pavel Brendl wins face-off versus Mikael Backlund in Wiprows zone.
1:15 of 2nd period - Pavel Brendl is hit by Guillaume Desbiens.
1:23 of 2nd period - Icing by Mikael Backlund.
1:24 of 2nd period - Mikael Backlund wins face-off versus Nick Bonino in National zone.
1:37 of 2nd period - Snap shot by Rico Fata.
1:37 of 2nd period - Stopped by Al Montoya with a rebound.
2:05 of 2nd period - Snap shot by Mikael Backlund.
2:05 of 2nd period - Stopped by Al Montoya without a rebound.
2:06 of 2nd period - Jesse Winchester wins face-off versus Jonathan Matsumoto in Wiprows zone.
2:13 of 2nd period - Snap shot by Jesse Winchester.
2:13 of 2nd period - Goal by Jesse Winchester - Wiprows : 3 - National : 0.
2:14 of 2nd period - Jesse Winchester wins face-off versus Mikael Backlund in neutral zone.
2:44 of 2nd period - Snap shot by Nick Bonino.
2:44 of 2nd period - Shot Misses the Net.
2:48 of 2nd period - Snap shot by Nick Bonino.
2:48 of 2nd period - Stopped by Tyler Plante with a rebound.
2:50 of 2nd period - Wrist shot by Drayson Bowman.
2:50 of 2nd period - Shot Blocked by Johannes Salmonsson.
2:52 of 2nd period - Snap shot by Nick Bonino.
2:52 of 2nd period - Shot Blocked by William Colbert.
3:50 of 2nd period - Maxime Macenauer is hit by Magnus Paajarvi-Svensson and loses puck.
4:09 of 2nd period - Snap shot by Nick Bonino.
4:09 of 2nd period - Shot Blocked by David Desharnais.
4:13 of 2nd period - Wrist shot by Nick Bonino.
4:13 of 2nd period - Shot Misses the Net.
4:29 of 2nd period - Slapshot by Pasi Salonen.
4:29 of 2nd period - Shot Misses the Net.
4:31 of 2nd period - Wrist shot by Pasi Salonen.
4:31 of 2nd period - Stopped by Al Montoya without a rebound.
4:32 of 2nd period - Mikael Backlund wins face-off versus Jesse Winchester in Wiprows zone.
4:57 of 2nd period - Dustin Kohn is hit by Arturs Kulda and loses puck.
5:06 of 2nd period - Snap shot by Nick Bonino.
5:06 of 2nd period - Stopped by Tyler Plante with a rebound.
5:31 of 2nd period - Jonathan Tremblay is hit by Janne Niskala.
5:55 of 2nd period - Slapshot by David Desharnais.
5:55 of 2nd period - Stopped by Al Montoya with a rebound.
5:57 of 2nd period - Snap shot by Pat Dwyer.
5:57 of 2nd period - Shot Blocked by Matt Taormina.
5:59 of 2nd period - Snap shot by David Desharnais.
5:59 of 2nd period - Shot Blocked by Arturs Kulda.
6:01 of 2nd period - Snap shot by Pat Dwyer.
6:01 of 2nd period - Shot Misses the Net.
6:03 of 2nd period - Wrist shot by Pat Dwyer.
6:03 of 2nd period - Stopped by Al Montoya without a rebound.
6:04 of 2nd period - Mikael Backlund wins face-off versus Nick Bonino in Wiprows zone.
6:40 of 2nd period - Backhand shot by Matt Frattin.
6:40 of 2nd period - Stopped by Tyler Plante without a rebound.
6:41 of 2nd period - Mikael Backlund wins face-off versus Jesse Winchester in National zone.
7:17 of 2nd period - Snap shot by Jonathan Cheechoo.
7:17 of 2nd period - Shot Misses the Net.
7:27 of 2nd period - Slapshot by William Colbert.
7:27 of 2nd period - Shot Blocked by Gord Baldwin.
7:55 of 2nd period - Minor Penalty to Jiri Tlusty for Holding.
7:56 of 2nd period - Joshua Bailey wins face-off versus Mikael Backlund in Wiprows zone.
8:21 of 2nd period - Minor Penalty to Guillaume Desbiens for Hooking.
8:22 of 2nd period - Mikael Backlund wins face-off versus Nick Bonino in National zone.
8:35 of 2nd period - Wrist shot by Mikael Backlund.
8:35 of 2nd period - Deflect By Nick Bonino.
8:35 of 2nd period - Stopped by Al Montoya without a rebound.
8:36 of 2nd period - Mikael Backlund wins face-off versus Nick Bonino in Wiprows zone.
8:39 of 2nd period - Snap shot by Mikael Backlund.
8:39 of 2nd period - Goal by Mikael Backlund - Wiprows : 3 - National : 1.
8:40 of 2nd period - Mikael Backlund wins face-off versus Nick Bonino in neutral zone.
8:43 of 2nd period - Slapshot by Janne Niskala.
8:43 of 2nd period - Shot Misses the Net.
8:45 of 2nd period - Slapshot by Janne Niskala.
8:45 of 2nd period - Shot Misses the Net.
8:47 of 2nd period - Slapshot by William Colbert.
8:47 of 2nd period - Shot Misses the Net.
8:49 of 2nd period - Snap shot by William Colbert.
8:49 of 2nd period - Stopped by Al Montoya with a rebound.
9:23 of 2nd period - Snap shot by Jonathan Cheechoo.
9:23 of 2nd period - Shot Blocked by Matt Taormina.
9:25 of 2nd period - Slapshot by Dustin Kohn.
9:25 of 2nd period - Stopped by Al Montoya without a rebound.
9:26 of 2nd period - Joshua Bailey wins face-off versus Mikael Backlund in Wiprows zone.
9:51 of 2nd period - Jonathan Cheechoo is hit by Thomas Hickey and loses puck.
9:55 of 2nd period - Penalty to Jiri Tlusty is over, Jiri Tlusty is back on ice.
10:00 of 2nd period - Snap shot by Jonathan Cheechoo.
10:00 of 2nd period - Deflect By Jonathan Matsumoto.
10:00 of 2nd period - Stopped by Al Montoya without a rebound.
10:01 of 2nd period - Nick Bonino wins face-off versus Mikael Backlund in Wiprows zone.
10:10 of 2nd period - Snap shot by Matt Taormina.
10:10 of 2nd period - Stopped by Tyler Plante with a rebound.
10:12 of 2nd period - Wrist shot by Nick Bonino.
10:12 of 2nd period - Shot Blocked by Denis Bodrov.
10:21 of 2nd period - Penalty to Guillaume Desbiens is over, Guillaume Desbiens is back on ice.
10:22 of 2nd period - Denis Bodrov is hit by Thomas Hickey and loses puck.
10:41 of 2nd period - Snap shot by David Desharnais.
10:41 of 2nd period - Goal by David Desharnais - Wiprows : 3 - National : 2.
10:42 of 2nd period - David Desharnais wins face-off versus Jesse Winchester in neutral zone.
11:07 of 2nd period - Drayson Bowman is hit by Guillaume Desbiens and loses puck.
11:16 of 2nd period - Wrist shot by Matt Taormina.
11:16 of 2nd period - Stopped by Tyler Plante with a rebound.
12:00 of 2nd period - Wrist shot by Alec Martinez.
12:00 of 2nd period - Deflect By Jordan Szwarz.
12:00 of 2nd period - Stopped by Tyler Plante without a rebound.
12:01 of 2nd period - Mikael Backlund wins face-off versus Drayson Bowman in National zone.
12:26 of 2nd period - Gord Baldwin is hit by Erik Gustafsson and loses puck.
13:22 of 2nd period - Minor Penalty to Mikael Backlund for Roughing.
13:23 of 2nd period - Pat Dwyer wins face-off versus Nick Bonino in National zone.
13:35 of 2nd period - Wrist shot by Pavel Brendl.
13:35 of 2nd period - Shot Misses the Net.
13:37 of 2nd period - Slapshot by Matt Taormina.
13:37 of 2nd period - Stopped by Tyler Plante with a rebound.
13:39 of 2nd period - Wrist shot by Linden Vey.
13:39 of 2nd period - Shot Misses the Net.
13:49 of 2nd period - Jesse Winchester is hit by William Colbert and loses puck.
13:58 of 2nd period - Backhand shot by Matt Taormina.
13:58 of 2nd period - Deflect By Jesse Winchester.
13:58 of 2nd period - Shot Blocked by Janne Niskala.
13:58 of 2nd period - Puck is out of play.
13:59 of 2nd period - Nick Bonino wins face-off versus David Desharnais in National zone.
15:03 of 2nd period - Dustin Kohn is hit by Matt Taormina and loses puck.
15:22 of 2nd period - Penalty to Mikael Backlund is over, Mikael Backlund is back on ice.
15:39 of 2nd period - Erik Gustafsson is hit by Jordan Szwarz and loses puck.
16:03 of 2nd period - Off-side.
16:04 of 2nd period - David Desharnais wins face-off versus Nick Bonino in neutral zone.
16:47 of 2nd period - Wrist shot by Mikael Backlund.
16:47 of 2nd period - Shot Misses the Net.
16:53 of 2nd period - Snap shot by Mikael Backlund.
16:53 of 2nd period - Deflect By Guillaume Desbiens.
16:53 of 2nd period - Stopped by Al Montoya without a rebound.
16:54 of 2nd period - Mikael Backlund wins face-off versus Nick Bonino in Wiprows zone.
17:24 of 2nd period - Wrist shot by Pasi Salonen.
17:24 of 2nd period - Shot Misses the Net.
17:29 of 2nd period - Off-side.
17:30 of 2nd period - Mikael Backlund wins face-off versus Nick Bonino in neutral zone.
17:35 of 2nd period - Wrist shot by Guillaume Desbiens.
17:35 of 2nd period - Stopped by Al Montoya without a rebound.
17:36 of 2nd period - Drayson Bowman wins face-off versus Mikael Backlund in Wiprows zone.
17:36 of 2nd period - Drayson Bowman is hit by Guillaume Desbiens.
17:50 of 2nd period - Snap shot by Pavel Brendl.
17:50 of 2nd period - Stopped by Tyler Plante with a rebound.
17:55 of 2nd period - Icing by Guillaume Desbiens.
17:56 of 2nd period - Mikael Backlund wins face-off versus Jesse Winchester in National zone.
18:05 of 2nd period - Backhand shot by Mikael Backlund.
18:05 of 2nd period - Shot Blocked by Jesse Winchester.
18:09 of 2nd period - Slapshot by Guillaume Desbiens.
18:09 of 2nd period - Stopped by Al Montoya without a rebound.
18:10 of 2nd period - Jonathan Matsumoto wins face-off versus Nick Bonino in Wiprows zone.
18:31 of 2nd period - Minor Penalty to Arturs Kulda for Holding.
18:32 of 2nd period - Brandon Bollig wins face-off versus Mikael Backlund in Wiprows zone.
18:43 of 2nd period - Backhand shot by Janne Niskala.
18:43 of 2nd period - Deflect By Rico Fata.
18:43 of 2nd period - Goal by Rico Fata - Wiprows : 3 - National : 3.
18:44 of 2nd period - Mikael Backlund wins face-off versus Jesse Winchester in neutral zone.
19:12 of 2nd period - Janne Niskala is hit by Alec Martinez and loses puck.
Goals for this period are 1 for Wiprows vs 3 for National.
Shots for this period are 10 for Wiprows vs 17 for National.
3rd period
0:01 of 3rd period - Mikael Backlund wins face-off versus Jesse Winchester in neutral zone.
0:16 of 3rd period - Snap shot by Mikael Backlund.
0:16 of 3rd period - Shot Blocked by Jiri Tlusty.
0:26 of 3rd period - Slapshot by Dustin Kohn.
0:26 of 3rd period - Stopped by Al Montoya with a rebound.
0:52 of 3rd period - Slapshot by Dustin Kohn.
0:52 of 3rd period - Shot Hit the Post.
0:54 of 3rd period - Slapshot by Dustin Kohn.
0:54 of 3rd period - Shot Misses the Net.
0:56 of 3rd period - Snap shot by Jonathan Matsumoto.
0:56 of 3rd period - Goal by Jonathan Matsumoto - Wiprows : 3 - National : 4.
0:57 of 3rd period - Nick Bonino wins face-off versus Mikael Backlund in neutral zone.
0:59 of 3rd period - Minor Penalty to Nick Bonino for Tripping.
1:00 of 3rd period - Brandon Bollig wins face-off versus Mikael Backlund in Wiprows zone.
1:26 of 3rd period - Alec Martinez is hit by Jonathan Matsumoto and loses puck.
2:59 of 3rd period - Penalty to Nick Bonino is over, Nick Bonino is back on ice.
3:18 of 3rd period - David Desharnais is hit by Linden Vey and loses puck.
3:40 of 3rd period - Thomas Hickey is hit by Erik Gustafsson and loses puck.
3:51 of 3rd period - Gord Baldwin is hit by Pat Dwyer and loses puck.
5:18 of 3rd period - Igor Makarov is hit by Arturs Kulda and loses puck.
5:43 of 3rd period - Wrist shot by Jonathan Cheechoo.
5:43 of 3rd period - Stopped by Al Montoya with a rebound.
5:53 of 3rd period - Arturs Kulda is hit by Pat Dwyer and loses puck.
6:26 of 3rd period - Snap shot by Maxime Macenauer.
6:26 of 3rd period - Shot Blocked by Magnus Paajarvi-Svensson.
7:48 of 3rd period - Slapshot by Matt Frattin.
7:48 of 3rd period - Stopped by Tyler Plante with a rebound.
7:50 of 3rd period - Slapshot by Kevin Connauton.
7:50 of 3rd period - Shot Misses the Net.
8:01 of 3rd period - Off-side.
8:02 of 3rd period - Jesse Winchester wins face-off versus David Desharnais in neutral zone.
8:11 of 3rd period - Erik Gustafsson is hit by Matt Taormina and loses puck.
8:41 of 3rd period - Kevin Connauton is hit by Rico Fata and loses puck.
9:02 of 3rd period - Snap shot by Matt Frattin.
9:02 of 3rd period - Shot Blocked by Jonathan Matsumoto.
9:04 of 3rd period - Backhand shot by Joshua Bailey.
9:04 of 3rd period - Stopped by Tyler Plante without a rebound.
9:05 of 3rd period - David Desharnais wins face-off versus Jesse Winchester in National zone.
9:10 of 3rd period - Snap shot by Jesse Winchester.
9:10 of 3rd period - Deflect By Linden Vey.
9:10 of 3rd period - Stopped by Tyler Plante without a rebound.
9:11 of 3rd period - Jiri Tlusty wins face-off versus David Desharnais in National zone.
9:14 of 3rd period - Snap shot by Jiri Tlusty.
9:14 of 3rd period - Stopped by Tyler Plante without a rebound.
9:15 of 3rd period - Jesse Winchester wins face-off versus David Desharnais in National zone.
9:18 of 3rd period - Snap shot by Jesse Winchester.
9:18 of 3rd period - Shot Misses the Net.
9:20 of 3rd period - Slapshot by Matt Taormina.
9:20 of 3rd period - Stopped by Tyler Plante without a rebound.
9:21 of 3rd period - Mikael Backlund wins face-off versus Nick Bonino in National zone.
11:17 of 3rd period - Wrist shot by Jonathan Cheechoo.
11:17 of 3rd period - Shot Misses the Net.
11:27 of 3rd period - Snap shot by Matt Frattin.
11:27 of 3rd period - Deflect By William Colbert.
11:27 of 3rd period - Stopped by Tyler Plante with a rebound.
11:29 of 3rd period - Snap shot by Brandon Bollig.
11:29 of 3rd period - Stopped by Tyler Plante without a rebound.
11:30 of 3rd period - David Desharnais wins face-off versus Joshua Bailey in National zone.
11:53 of 3rd period - Philip Larsen is hit by Kevin Connauton and loses puck.
12:00 of 3rd period - Kevin Connauton is hit by Johannes Salmonsson and loses puck.
12:07 of 3rd period - Wrist shot by Johannes Salmonsson.
12:07 of 3rd period - Shot Blocked by Brandon Bollig.
12:09 of 3rd period - Wrist shot by Johannes Salmonsson.
12:09 of 3rd period - Stopped by Al Montoya with a rebound.
12:11 of 3rd period - Wrist shot by Johannes Salmonsson.
12:11 of 3rd period - Deflect By David Desharnais.
12:11 of 3rd period - Shot Blocked by Kevin Connauton.
12:11 of 3rd period - Kevin Connauton from Wiprows is injured at 12:11 of 3rd period (Back).
12:12 of 3rd period - Nick Bonino wins face-off versus Mikael Backlund in Wiprows zone.
12:12 of 3rd period - Nick Bonino is hit by Mikael Backlund.
13:20 of 3rd period - Mikael Backlund is hit by Jordan Szwarz and loses puck.
13:29 of 3rd period - Snap shot by Guillaume Desbiens.
13:29 of 3rd period - Stopped by Al Montoya without a rebound.
13:30 of 3rd period - Nick Bonino wins face-off versus Jonathan Cheechoo in Wiprows zone.
13:41 of 3rd period - Wrist shot by Janne Niskala.
13:41 of 3rd period - Goal by Janne Niskala - Wiprows : 3 - National : 5.
13:42 of 3rd period - Nick Bonino wins face-off versus Mikael Backlund in neutral zone.
13:49 of 3rd period - Wrist shot by Nick Bonino.
13:49 of 3rd period - Stopped by Tyler Plante without a rebound.
13:50 of 3rd period - Mikael Backlund wins face-off versus Nick Bonino in National zone.
14:16 of 3rd period - Minor Penalty to William Colbert for High sticking.
14:17 of 3rd period - Nick Bonino wins face-off versus Mikael Backlund in National zone.
14:29 of 3rd period - Slapshot by Thomas Hickey.
14:29 of 3rd period - Deflect By Janne Niskala.
14:29 of 3rd period - Stopped by Tyler Plante without a rebound.
14:30 of 3rd period - Mikael Backlund wins face-off versus Nick Bonino in National zone.
14:45 of 3rd period - Wrist shot by Nick Bonino.
14:45 of 3rd period - Stopped by Tyler Plante with a rebound.
14:57 of 3rd period - Janne Niskala is hit by Matt Taormina.
15:31 of 3rd period - Dustin Kohn is hit by Pavel Brendl and loses puck.
16:16 of 3rd period - Penalty to William Colbert is over, William Colbert is back on ice.
17:35 of 3rd period - William Colbert is hit by Brandon Bollig and loses puck.
17:58 of 3rd period - Matt Taormina is hit by Pasi Salonen and loses puck.
18:36 of 3rd period - Johannes Salmonsson is hit by Pavel Brendl and loses puck.
19:06 of 3rd period - Minor Penalty to Nick Bonino for Hooking.
19:07 of 3rd period - Maxime Macenauer wins face-off versus Mikael Backlund in Wiprows zone.
19:07 of 3rd period - Maxime Macenauer is hit by Dustin Kohn.
19:15 of 3rd period - Snap shot by Maxime Macenauer.
19:15 of 3rd period - Shot Misses the Net.
19:17 of 3rd period - Slapshot by Alec Martinez.
19:17 of 3rd period - Shot Misses the Net.
19:19 of 3rd period - Backhand shot by Alec Martinez.
19:19 of 3rd period - Stopped by Tyler Plante with a rebound.
19:21 of 3rd period - Snap shot by Alec Martinez.
19:21 of 3rd period - Stopped by Tyler Plante without a rebound.
19:22 of 3rd period - Joshua Bailey wins face-off versus Jonathan Matsumoto in National zone.
19:23 of 3rd period - Slapshot by Alec Martinez.
19:23 of 3rd period - Shot Misses the Net.
19:54 of 3rd period - Off-side.
19:55 of 3rd period - Mikael Backlund wins face-off versus Maxime Macenauer in neutral zone.
Goals for this period are 0 for Wiprows vs 2 for National.
Shots for this period are 12 for Wiprows vs 6 for National.
Output by the SimonT Hockey Simulator (STHS) for François Prévost -- Original Page W3C XHTML 1.0 Valid